 Dungeon Crawl Stone Soup version 0.24-a0-250-g6074511 (webtiles) character file.

Game seed: 16737265670348968259

191714 Borgoz the Swashbuckler (level 19, -5/125 HPs)
             Began as a Kobold Gladiator on Apr 14, 2019.
             Was a High Priest of Ashenzari.
             Shot with an arrow by a deep elf master archer (17 damage)
             ... on level 3 of the Elven Halls.
             The game lasted 01:51:59 (44984 turns).

Borgoz the Swashbuckler (Kobold Gladiator)         Turns: 44984, Time: 01:51:59

Health: -5/125     AC: 24    Str: 17    XL:     19   Next: 36%
Magic:  25/27      EV: 25    Int:  7    God:    Ashenzari [*****.]
Gold:   1048       SH:  0    Dex: 19    Spells: 15/28 levels left

rFire    + . .     SeeInvis +   a - +9 quick blade (drain) (curse)
rCold    x . .     Gourm    .   (shield restricted)
rNeg     . . .     Faith    .   P - +4 chain mail {MR+}
rPois    .         Spirit   .   e - +2 hat {MR+}
rElec    .         Reflect  .   L - +0 cloak
rCorr    .         Harm     .   (no gloves)
MR       ++++.     Clarity  +   y - +1 pair of boots {Stlth+}
Stlth    ++++......             b - amulet of rage
HPRegen  0.30/turn              t - ring "Kat Wubb" {Fire MR+}
MPRegen  0.20/turn              B - +4 ring of evasion

@: confusing touch, studying Necromancy
A: small, talons 1, slimy green scales 1, carnivore, dopey 1, mutation
resistance 1
a: Curse Item, Scrying, Transfer Knowledge, Renounce Religion, Evoke Berserk
Rage


You were on level 3 of the Elven Halls.
You worshipped Ashenzari.
Ashenzari was extremely pleased with you.
You were full.

You visited 5 branches of the dungeon, and saw 27 of its levels.
You also visited: Ice Cave.

You collected 3634 gold pieces.
You spent 2586 gold pieces at shops.

Inventory:

Hand Weapons
 a - a cursed +9 quick blade of draining (weapon)
 E - a +2 antimagic dagger
 R - a +6 dagger
 S - a +1 quick blade of distortion
Missiles
 d - 2 throwing nets (quivered)
Armour
 e - a +2 hat of magic resistance (worn)
 y - a +1 pair of boots of stealth (worn)
 L - a +0 cloak (worn)
 P - a +4 chain mail of magic resistance (worn)
 T - the cursed +0 leather armour of Utiox {rN+ Dex-4 SInv}
   (You took it off a deep elf demonologist on level 3 of the Elven Halls)

   It affects your dexterity (-4).
   It protects you from negative energy.
   It lets you see invisible.
   It has a curse placed upon it.
Jewellery
 b - an amulet of rage (around neck)
 k - an uncursed ring of resist corrosion
 t - the ring "Kat Wubb" (left hand) {Fire MR+}
   (You bought it in a shop on level 2 of the Orcish Mines)

   [ring of fire]

   It enhances your fire magic.
   It protects you from fire.
   It makes you vulnerable to cold.
   It affects your resistance to hostile enchantments.
 u - an uncursed ring of protection from cold
 B - a +4 ring of evasion (right hand)
 D - an uncursed ring of protection from cold
 J - the ring of Ranecam {Str+2 Int+2}
   (You took it off a centaur on level 10 of the Dungeon)

   [ring of strength]

   It affects your strength (+2).
   It affects your intelligence (+2).
 K - an uncursed ring of poison resistance
Wands
 j - a wand of iceblast (8)
 l - a wand of paralysis (17)
 F - a wand of acid (16)
 N - a wand of digging (1)
Scrolls
 n - 2 scrolls of silence
 o - a scroll of fear
 p - 2 scrolls of summoning
 q - 14 scrolls of remove curse
 r - 2 scrolls of blinking
 v - 6 scrolls of fog
 w - 9 scrolls of magic mapping
 x - 3 scrolls of enchant armour
 z - 9 scrolls of teleportation
 G - 3 scrolls of identify
 O - a scroll of amnesia
Potions
 g - 3 potions of berserk rage
 h - 4 potions of heal wounds
 i - 6 potions of curing
 m - 3 potions of agility
 s - 3 potions of resistance
 A - 2 potions of ambrosia
 C - 3 potions of lignification
 H - 2 potions of brilliance
 I - 5 potions of might
 M - a potion of cancellation
 Q - 5 potions of haste
Books
 c - a manual of Necromancy
Comestibles
 f - 44 rations


   Skills:
 + Level 15.7 Fighting
 + Level 18.4(21.6) Short Blades
 - Level 2.2 Throwing
 + Level 12.9 Armour
 + Level 17.1 Dodging
 + Level 13.8 Stealth
 - Level 5.3 Spellcasting
 - Level 7.0 Hexes
 - Level 10.0 Evocations


You had 15 spell levels left.
You knew the following spells:

 Your Spells              Type           Power        Failure   Level  Hunger
a - Confusing Touch       Hex            ##....       12%         1    #......
b - Confuse               Hex            ##......     34%         3    ###....
c - Invisibility          Hex            ##......     100%        6    #######
d - Regeneration          Chrm/Necr      #.........   99%         3    ###....

Your spell library contained the following spells:

 Spells                   Type           Power        Failure   Level  Hunger
 Corona                   Hex            ##.....      12%         1    #......
 Slow                     Hex            ##......     19%         2    ###....
 Tukima's Dance           Hex            ##......     34%         3    ###....
 Cause Fear               Hex            ##........   75%         4    #####..
 Dazzling Spray           Conj/Hex       #.....       83%         3    ###....
 Inner Flame              Hex/Fire       ##......     83%         3    ###....
 Portal Projectile        Hex/Tloc       #.....       83%         3    ###....
 Summon Guardian Golem    Hex/Summ       #.......     83%         3    ###....
 Animate Skeleton         Necr           N/A          91%         1    #......
 Apportation              Tloc           #.....       91%         1    #......
 Freeze                   Ice            #...         91%         1    #......
 Magic Dart               Conj           #...         91%         1    #......
 Pain                     Necr           #...         91%         1    #......
 Sting                    Conj/Pois      #...         91%         1    #......
 Summon Butterflies       Summ           #.......     91%         1    #......
 Blink                    Tloc           N/A          97%         2    ###....
 Call Imp                 Summ           #.......     97%         2    ###....
 Passwall                 Tmut/Erth      #.......     97%         2    ###....
 Poisonous Vapours        Pois/Air       #.....       97%         2    ###....
 Searing Ray              Conj           #.....       97%         2    ###....
 Swiftness                Chrm/Air       #.......     97%         2    ###....
 Throw Frost              Conj/Ice       #.....       97%         2    ###....
 Call Canine Familiar     Summ           #.......     99%         3    ###....
 Conjure Flame            Conj/Fire      #.......     99%         3    ###....
 Gell's Gravitas          Tloc           #.........   99%         3    ###....
 Lesser Beckoning         Tloc           #.........   99%         3    ###....
 Mephitic Cloud           Conj/Pois/Air  #.......     99%         3    ###....
 Ozocubu's Armour         Chrm/Ice       #.......     99%         3    ###....
 Vampiric Draining        Necr           #.........   99%         3    ###....
 Fulminant Prism          Conj/Hex       #.........   99%         4    #####..
 Leda's Liquefaction      Hex/Erth       #.........   99%         4    #####..
 Animate Dead             Necr           N/A          100%        4    #####..
 Force Lance              Conj/Tloc      #.......     100%        4    #####..
 Iskenderun's Mystic Bla  Conj           #.......     100%        4    #####..
 Olgreb's Toxic Radiance  Pois           #.......     100%        4    #####..
 Passage of Golubria      Tloc           N/A          100%        4    #####..
 Petrify                  Tmut/Erth      #.......     100%        4    #####..
 Summon Ice Beast         Ice/Summ       #.......     100%        4    #####..
 Throw Icicle             Conj/Ice       #.......     100%        4    #####..
 Alistair's Intoxication  Tmut/Pois      #.......     100%        5    ######.
 Lee's Rapid Deconstruct  Erth           #.........   100%        5    ######.
 Metabolic Englaciation   Hex/Ice        #.........   100%        5    ######.
 Venom Bolt               Conj/Pois      #.........   100%        5    ######.
 Yara's Violent Unravell  Hex/Tmut       #.........   100%        5    ######.
 Darkness                 Hex            ##........   100%        6    #######
 Freezing Cloud           Conj/Ice/Air   #.........   100%        6    #######
 Ring of Flames           Chrm/Fire      #.........   100%        7    #######
 Spellforged Servitor     Conj/Summ      #.........   100%        7    #######


Dungeon Overview and Level Annotations

Branches:
Dungeon (15/15)            Temple (1/1) D:7            Lair (6/6) D:10
  Swamp (0/4) Lair:4       Spider (0/4) Lair:4        Slime (0/5) Lair:5
    Orc (2/2) D:11            Elf (3/3) Orc:2        Vaults (0/5) D:14
 Depths (0/5) D:15

Altars:
Ashenzari
Cheibriados
Dithmenos
Elyvilon
Fedhas
Gozag
Hepliaklqana
Kikubaaqudgha
Makhleb
Nemelex Xobeh
Okawaru
Qazlal
Ru
Sif Muna
Trog
Uskayaw
Vehumet
Wu Jian
Xom
Yredelemnul
Zin
The Shining One

Shops:
D:13 :   D:15 *   Orc:2 *([!=   Elf:1 !   Elf:3 [=


Innate Abilities, Weirdness & Mutations

You are small and have problems with some larger weapons.
You are carnivorous and can eat meat at any time.
You have sharp toenails.
You are partially covered in slimy green scales. (AC +2)
You are dopey. (Int -2)
You are somewhat resistant to further mutation.


Message History

You drain the deep elf sorcerer!!
You kill the deep elf sorcerer!
The deep elf sorcerer wildly gestures.
You feel troubled.
The deep elf master archer shoots an arrow.
The arrow completely misses you.
Things that are here:
a +0 dagger; a +0 leather armour
Casting: Confusing Touch (safe; 12% risk of failure)
Confirm with . or Enter, or press ? or * to list all spells.
You don't know that spell.
Casting: Confusing Touch (safe; 12% risk of failure)
Confirm with . or Enter, or press ? or * to list all spells.
Your hands begin to glow red.
Some walls begin to move on their own!
The deep elf master archer shoots an arrow.
The arrow hits you!!
* * * LOW HITPOINT WARNING * * *
The deep elf master archer shoots an arrow.
The arrow hits you!
You die...

..........#### #...##
##.## ########.#...#
#..## ##.##
#.#...###.## ##.#
#...))..#.# #.#
########.........##
##.#
...............##.##
##..#
######...#...#####E##
##.#.#
#<###...###(E..###..#.#
#.# ##.###.@..#...#.#.#
### ### #Ee###########
* ##e# * * **#e# * ,* ,
.## *,#.# * , ..##*
,#2#, **#.,,∆∆ ## ,
...s####e####..., *.#
.### * #...§.##e##..../
#.# ...#*, *
#....ee.ee.e.#*##..#


You could see a deep elf master archer, a green death, a deep elf death mage, 3
deep elf sorcerers and 3 earth elementals.

Vanquished Creatures
  Jorgrun (D:12)
  2 deep elf blademasters
  2 frost giants
  A deep elf sorcerer (Elf:3)
  An orc warlord (Orc:1)
  The ghost of Gennuon the Brawler, a journeyman TrWr of Ru (Lair:3)
  The ghost of Gennuon the Brawler, a journeyman TrWr of Ru (Lair:3)
  An ironheart preserver (D:14)
  6 deep elf demonologists
  The ghost of Ezoatsupp the Severer, a journeyman HOFi of Okawaru (Lair:3)
  The ghost of Plog the Severer, a journeyman MiBe of Trog (Lair:3)
  Azrael (D:13)
  2 ettins (Orc:1)
  Snorg (Lair:4)
  Josephine (D:11)
  The ghost of Phong the Summoner, a journeyman GnSu of Ru (Lair:3)
  A deep elf death mage (Elf:3)
  2 deep elf high priests (Elf:3)
  A rakshasa (D:15)
  11 hydras
  4 centaur warriors
  5 two-headed ogres
  The ghost of Redear the Covert, a journeyman FeFi of Dithmenos (Orc:2)
  23 dancing weapons
  A death knight (D:14)
  6 catoblepae
  12 death yaks
  An ogre mage (D:13)
  Urug (Lair:4)
  Sonja (D:13)
  6 orc high priests
  19 deep elf knights
  3 unseen horrors
  7 skeletal warriors
  A phantasmal warrior (D:15)
  9 deep elf archers
  8 orc knights
  A golden dragon skeleton (D:15)
  A necromancer (D:15)
  A tengu skeleton (D:15)
  An iron dragon zombie (D:15)
  61 deep elf magi
  7 ugly things
  3 orc sorcerers
  4 oklob plants
  3 manticores
  6 slime creatures
  18 cyclopes
  2 black mambas
  An ice statue (IceCv)
  7 centaur zombies
  A torpor snail (Lair:2)
  13 spiny frogs
  A yaktaur zombie (D:15)
  2 rime drakes
  An efreet (D:14)
  9 komodo dragons
  A guardian mummy (D:15)
  A queen bee (D:9)
  3 jumping spiders (Lair:4)
  10 polar bears
  3 meliai (D:15)
  6 trolls
  4 hornets
  A wind drake (shapeshifter) (D:14)
  3 spectral orcs (Orc:2)
  3 bog bodies (Lair:4)
  9 blink frogs
  7 hippogriffs
  11 dream sheep (Lair:5)
  A centaur simulacrum (D:14)
  2 air elementals
  A redback (Lair:4)
  2 vampires
  83 yaks
  2 water elementals (Elf:1)
  2 shadows
  6 fire elementals
  11 wyverns
  12 wraiths
  2 spriggans (Lair:4)
  5 basilisks
  A steam dragon (D:12)
  A vampire mosquito (D:10)
  6 wargs (Orc:1)
  A soldier ant (D:11)
  13 water moccasins
  A swamp worm (Lair:4)
  42 orc warriors
  4 hell hounds (D:13)
  A porcupine (shapeshifter) (Elf:2)
  5 porcupines
  2 black bears
  3 ice beasts
  A hornet zombie (D:14)
  5 sky beasts
  2 necrophages
  3 eyes of draining
  A phantom (D:5)
  31 wolves
  A boggart (D:14)
  19 ogres
  11 centaurs
  15 crocodiles
  3 big kobolds
  19 bullfrogs
  5 earth elementals
  2 gnoll sergeants
  2 wyvern skeletons
  A scorpion (D:10)
  18 killer bees
  2 spectral ogres (Orc:2)
  18 wights
  5 electric eels
  7 howler monkeys
  7 crimson imps
  3 bullfrog zombies
  10 jellies
  37 orc priests
  5 centaur skeletons
  7 hounds
  24 orc wizards
  4 bullfrog skeletons
  Natasha (D:3)
  Ijyb (D:4)
  4 iguanas
  A troll simulacrum (Orc:2)
  11 worker ants
  A hound zombie (D:9)
  8 gnolls
  A gnoll (shapeshifter) (D:13)
  18 adders
  A worker ant zombie (D:6)
  A shadow imp (D:14)
  12 white imps (Lair:4)
  18 oozes
  An orc simulacrum (Orc:2)
  2 adder skeletons
  An adder zombie (D:6)
  4 worms
  7 leopard geckos
  114 orcs
  2 ball pythons
  2 giant cockroaches (D:2)
  11 goblins
  10 hobgoblins
  7 jackals
  23 kobolds
  7 quokkas
  8 bats
  5 frilled lizards
  A jackal skeleton (D:5)
  A jackal zombie (D:6)
  2 leopard gecko skeletons
  2 quokka skeletons
  A quokka zombie (D:7)
  15 rats
  A crawling corpse (Elf:3)
  3 plants
1137 creatures vanquished.

Vanquished Creatures (others)
  A deep elf knight (Elf:2)
  A wolf spider zombie (D:13)
  A deep elf mage (Elf:2)
  A centaur skeleton (D:13)
  A polar bear (IceCv)
  2 yaks (IceCv)
  A centaur (D:15)
  An orc priest (Orc:2)
  A kobold (D:13)
  A goblin (D:2)
  9 fungi
  16 plants
  4 toadstools (D:1)
40 creatures vanquished.

Grand Total: 1177 creatures vanquished

Notes
Turn   | Place    | Note
-------+----------+-------------------------------------------
     0 | D:1      | Borgoz the Kobold Gladiator began the quest for the Orb.
     0 | D:1      | Reached XP level 1. HP: 12/12 MP: 1/1
   228 | D:1      | Reached XP level 2. HP: 14/17 MP: 2/2
   447 | D:1      | Reached skill level 1 in Stealth
   537 | D:1      | Reached XP level 3. HP: 22/22 MP: 3/3
  1238 | D:2      | Reached skill level 1 in Armour
  1238 | D:2      | Reached XP level 4. HP: 24/27 MP: 4/4
  1373 | D:2      | Found a bloodstained altar of Trog.
  2197 | D:3      | Reached XP level 5. HP: 8/32 MP: 5/5
  2495 | D:3      | Reached skill level 5 in Short Blades
  2859 | D:3      | Reached XP level 6. HP: 21/37 MP: 6/6
  3065 | D:3      | HP: 1/37 [hobgoblin/+0 club (3)]
  3445 | D:3      | Noticed Natasha
  3455 | D:3      | Killed Natasha
  3536 | D:4      | Noticed an ogre
  3553 | D:3      | Reached skill level 5 in Dodging
  3558 | D:4      | Killed an ogre
  3558 | D:4      | Reached XP level 7. HP: 42/42 MP: 7/7
  4067 | D:4      | Noticed Ijyb
  4071 | D:4      | Killed Ijyb
  4298 | D:5      | Entered Level 5 of the Dungeon
  4318 | D:5      | Reached skill level 6 in Short Blades
  4330 | D:5      | Reached skill level 1 in Evocations
  4479 | D:5      | Found a sparkling altar of Nemelex Xobeh.
  4511 | D:5      | Reached XP level 8. HP: 48/48 MP: 7/9
  4598 | D:5      | Reached skill level 5 in Stealth
  5264 | D:6      | Reached skill level 5 in Fighting
  5573 | D:6      | Reached skill level 7 in Short Blades
  6034 | D:5      | Reached XP level 9. HP: 19/54 MP: 11/11
  7022 | D:7      | Found a staircase to the Ecumenical Temple.
  7052 | Temple   | Entered the Ecumenical Temple
  7158 | Temple   | Became a worshipper of Ashenzari the Shackled
  7517 | D:7      | Reached skill level 8 in Short Blades
  7920 | D:7      | Reached skill level 5 in Evocations
  8526 | D:8      | Reached skill level 1 in Spellcasting
  8654 | D:8      | Reached XP level 10. HP: 58/61 MP: 13/13
  8666 | D:8      | Reached skill level 10 in Short Blades
  8666 | D:8      | Reached XP level 11. HP: 66/68 MP: 14/14
  8689 | D:8      | Found a radiant altar of Vehumet.
  8953 | D:8      | Reached * piety under Ashenzari
  9207 | D:8      | Learned a level 1 spell: Confusing Touch
  9211 | D:8      | Learned a level 3 spell: Confuse
 10621 | D:9      | Reached skill level 10 in Dodging
 11235 | D:10     | Entered Level 10 of the Dungeon
 11235 | D:10     | Noticed a deep elf mage
 11594 | D:10     | Learned a level 6 spell: Invisibility
 11672 | D:10     | Identified the +6 mace of Massacring {drain, MR+ Dex+3}
 11701 | D:10     | Reached skill level 11 in Short Blades
 11708 | D:10     | Identified the ring of Ranecam {Str+2 Int+2}
 11709 | D:10     | Noticed a skeletal warrior
 11716 | D:10     | Identified the +8 falchion "Q" {slice, *Contam Int+2 Dex+2}
 11731 | D:10     | Killed a skeletal warrior
 12041 | D:10     | Killed a deep elf mage
 12103 | D:10     | Noticed an oklob plant
 12110 | D:10     | Found a staircase to the Lair.
 12121 | D:10     | Killed an oklob plant
 12381 | D:10     | Reached XP level 12. HP: 31/76 MP: 18/18
 13135 | D:11     | Reached ** piety under Ashenzari
 13564 | D:11     | Found a staircase to the Orcish Mines.
 13666 | D:11     | Killed an unseen horror
 14068 | D:11     | Reached skill level 5 in Spellcasting
 14083 | D:11     | Noticed Josephine
 14107 | D:11     | Killed Josephine
 14329 | D:12     | Found a deep blue altar of Sif Muna.
 14347 | D:12     | Noticed a six-headed hydra
 14359 | D:12     | Killed a six-headed hydra
 14359 | D:12     | Reached skill level 10 in Fighting
 14359 | D:12     | Reached skill level 12 in Short Blades
 14920 | D:12     | Noticed a skeletal warrior
 14920 | D:12     | Noticed a skeletal warrior
 14920 | D:12     | Noticed a skeletal warrior
 14920 | D:12     | Noticed a skeletal warrior
 15058 | Lair:1   | Entered Level 1 of the Lair of Beasts
 15747 | Lair:1   | Found a stormy altar of Qazlal.
 15831 | Lair:1   | Reached XP level 13. HP: 59/82 MP: 21/21
 16554 | Lair:1   | Identified a scroll of acquirement
 17531 | Lair:2   | Noticed a five-headed hydra
 17618 | Lair:2   | Reached skill level 5 in Hexes
 17627 | Lair:2   | Killed a five-headed hydra
 18069 | Lair:3   | Found a runed translucent gate.
 18069 | Lair:3   | Found a runed translucent gate.
 18069 | Lair:3   | Found a runed translucent gate.
 18069 | Lair:3   | Noticed Phong's ghost (journeyman GnSu)
 18069 | Lair:3   | Noticed Gennuon's ghost (journeyman TrWr)
 18399 | Lair:3   | Noticed Gennuon's ghost (journeyman TrWr)
 18401 | Lair:3   | Noticed Ezoatsupp's ghost (journeyman HOFi)
 18401 | Lair:3   | Noticed Plog's ghost (journeyman MiBe)
 18469 | Lair:3   | Reached skill level 13 in Short Blades
 18633 | Lair:3   | Reached *** piety under Ashenzari
 18808 | Lair:3   | Noticed a seven-headed hydra
 18826 | Lair:3   | Killed a seven-headed hydra
 19580 | Lair:4   | Found a frozen archway.
 19677 | Lair:4   | Noticed a seven-headed hydra
 19687 | IceCv    | Entered an ice cave
 20280 | IceCv    | Reached XP level 14. HP: 72/90 MP: 22/22
 20855 | IceCv    | Noticed a frost giant
 20900 | IceCv    | Killed a frost giant
 22080 | Lair:4   | Noticed Snorg
 22116 | Lair:4   | Noticed Urug
 22125 | Lair:4   | Killed Snorg
 22135 | Lair:4   | Killed Urug
 22317 | Lair:4   | Found a staircase to the Swamp.
 23144 | Lair:4   | Found a hole to the Spider Nest.
 23156 | Lair:4   | Reached skill level 14 in Short Blades
 23473 | Lair:4   | Reached skill level 10 in Stealth
 24032 | Lair:5   | Reached **** piety under Ashenzari
 24079 | Lair:5   | Reached skill level 10 in Armour
 24260 | Lair:5   | Reached XP level 15. HP: 96/96 MP: 23/23
 24604 | Lair:5   | Found a staircase to the Slime Pits.
 24704 | Lair:6   | Entered Level 6 of the Lair of Beasts
 25337 | Lair:6   | Reached skill level 15 in Short Blades
 27105 | Lair:6   | Identified the +1 broad axe "Ibiutt" {chop, *Rage Int+2
                  | Dex+4 Stlth+}
 27483 | Lair:3   | Killed Gennuon's ghost
 27517 | Lair:3   | Killed Plog's ghost
 27526 | Lair:3   | Killed Ezoatsupp's ghost
 27542 | Lair:3   | Killed Phong's ghost
 27569 | Lair:3   | Killed Gennuon's ghost
 27569 | Lair:3   | Reached XP level 16. HP: 80/104 MP: 24/24
 27984 | D:4      | Found a shimmering altar of Xom.
 29125 | D:13     | Noticed Azrael
 29404 | Orc:1    | Entered Level 1 of the Orcish Mines
 30055 | Orc:1    | Reached skill level 16 in Short Blades
 30410 | Orc:1    | Identified the +9 hand axe of Indomitability {chaos, Str+5}
 30410 | Orc:1    | Identified the cursed +0 hunting sling "Ecilunib" {flame,
                  | MR+ Int+5 Dex-2 SInv}
 30411 | Orc:1    | Identified the cursed +3 long sword "Keupriod" {slice,
                  | +Blink +Fly Str+2 Dex-2}
 30413 | Orc:1    | Identified the +8 morningstar of Dolofy {venom, rC+++ MR-
                  | Stlth+}
 30424 | Orc:1    | Reached skill level 15 in Dodging
 30472 | Orc:2    | Entered Level 2 of the Orcish Mines
 30651 | Orc:2    | Found a runed translucent gate.
 30651 | Orc:2    | Found a runed translucent gate.
 30651 | Orc:2    | Found a runed translucent gate.
 30651 | Orc:2    | Noticed Redear's ghost (journeyman FeFi)
 30713 | Orc:2    | Found Kanaf's Assorted Antiques.
 30756 | Orc:2    | Bought a scroll labeled VYAPHE AFEA for 28 gold pieces
 30756 | Orc:2    | Bought a scroll labeled VYAPHE AFEA for 28 gold pieces
 30765 | Orc:2    | Bought a scroll of remove curse for 84 gold pieces
 30934 | Orc:2    | Found a staircase to the Elven Halls.
 32580 | Orc:2    | Found Xemogoum's Jewellery Shoppe.
 32580 | Orc:2    | Found Suapni's Antique Weapon Shoppe.
 32581 | Orc:2    | Found Juomarche's Distillery.
 32581 | Orc:2    | Found Totosudd's Armour Shoppe.
 32592 | Orc:2    | Bought an uncursed amulet of rage for 640 gold pieces
 32695 | Orc:2    | Killed Redear's ghost
 32895 | Orc:1    | Gained mutation: You have supernaturally acute eyesight.
                  | (SInv) [potion of mutation]
 32895 | Orc:1    | Gained mutation: Your magical capacity is low. (-10% MP)
                  | [potion of mutation]
 32895 | Orc:1    | Gained mutation: Your magical capacity is very low. (-20%
                  | MP) [potion of mutation]
 32895 | Orc:1    | Gained mutation: You evolve. [potion of mutation]
 33098 | D:13     | Noticed Jorgrun
 33110 | D:12     | Killed Jorgrun
 33240 | D:13     | Found Kuleum's Book Emporium.
 33434 | D:13     | Reached XP level 17. HP: 86/111 MP: 20/20
 33767 | D:13     | Noticed Sonja
 33786 | D:13     | Killed Sonja
 33811 | D:13     | Killed Azrael
 34510 | D:14     | Found a gate to the Vaults.
 34896 | D:14     | Paralysed by a hornet for 3 turns
 35138 | D:14     | Reached skill level 17 in Short Blades
 35684 | D:15     | Entered Level 15 of the Dungeon
 35685 | D:15     | Found a staircase to the Depths.
 35962 | D:15     | Identified the +7 shortbow of Qosuik {speed, rF- rC++ rN+}
 36767 | D:15     | Found Gozag's Platinum Reserve.
 37315 | D:15     | Found an opulent altar of Gozag.
 37946 | Orc:1    | Reached ***** piety under Ashenzari
 38197 | Orc:1    | Found the +3 giant club "Skullcrusher" {speed, Str+7}
 38304 | Elf:1    | Entered Level 1 of the Elven Halls
 38864 | Elf:1    | Reached XP level 18. HP: 118/118 MP: 19/20
 39254 | Elf:1    | Learned a level 3 spell: Regeneration
 39645 | Orc:2    | Bought the ring "Kat Wubb" {Fire MR+} for 601 gold pieces
 39646 | Orc:2    | Bought a potion of heal wounds for 85 gold pieces
 39646 | Orc:2    | Bought a potion of heal wounds for 85 gold pieces
 39646 | Orc:2    | Bought 2 potions of mutation for 272 gold pieces
 39646 | Orc:2    | Bought a potion of heal wounds for 85 gold pieces
 39646 | Orc:2    | Bought a potion of berserk rage for 85 gold pieces
 39646 | Orc:2    | Bought a potion of agility for 68 gold pieces
 39647 | Orc:2    | Lost mutation: Your magical capacity is very low. (-20% MP)
                  | [potion of mutation]
 39647 | Orc:2    | Lost mutation: You have supernaturally acute eyesight.
                  | (SInv) [potion of mutation]
 39647 | Orc:2    | Lost mutation: Your magical capacity is low. (-10% MP)
                  | [potion of mutation]
 39647 | Orc:2    | Gained mutation: You are occasionally teleported next to
                  | monsters. [potion of mutation]
 39647 | Orc:2    | Gained mutation: You occasionally shout uncontrollably at
                  | your foes. [potion of mutation]
 39647 | Orc:2    | Lost mutation: You occasionally shout uncontrollably at
                  | your foes. [potion of mutation]
 39647 | Orc:2    | Gained mutation: You have a pair of small antennae on your
                  | head. [potion of mutation]
 39648 | Orc:2    | Lost mutation: You evolve. [potion of mutation]
 39648 | Orc:2    | Lost mutation: You have a pair of small antennae on your
                  | head. [potion of mutation]
 39648 | Orc:2    | Gained mutation: You are dopey. (Int -2) [potion of
                  | mutation]
 39648 | Orc:2    | Gained mutation: Your system is resistant to poisons.
                  | (rPois) [potion of mutation]
 39648 | Orc:2    | Gained mutation: You are resistant to hostile enchantments.
                  | (MR+) [potion of mutation]
 39648 | Orc:2    | Gained mutation: You are somewhat resistant to further
                  | mutation. [potion of mutation]
 39730 | Elf:1    | Found Adajimp's Distillery.
 39739 | Elf:1    | Bought a potion of mutation for 120 gold pieces
 39739 | Elf:1    | Bought a potion of might for 60 gold pieces
 39739 | Elf:1    | Bought a potion of heal wounds for 75 gold pieces
 39739 | Elf:1    | Bought a potion of ambrosia for 120 gold pieces
 39739 | Elf:1    | Bought a potion of haste for 150 gold pieces
 39739 | Elf:1    | Lost mutation: You are resistant to hostile enchantments.
                  | (MR+) [potion of mutation]
 39739 | Elf:1    | Lost mutation: Your system is resistant to poisons. (rPois)
                  | [potion of mutation]
 39739 | Elf:1    | Lost mutation: You are occasionally teleported next to
                  | monsters. [potion of mutation]
 39739 | Elf:1    | Gained mutation: You have sharp toenails. [potion of
                  | mutation]
 39739 | Elf:1    | Gained mutation: You are partially covered in slimy green
                  | scales. (AC +2) [potion of mutation]
 39847 | Elf:1    | Reached skill level 15 in Fighting
 40225 | Elf:1    | Identified the Guide on Companions
 41719 | Elf:2    | Reached skill level 18 in Short Blades
 42176 | Elf:2    | Found a runed translucent gate.
 42176 | Elf:2    | Found a runed translucent gate.
 42186 | Elf:2    | Found a runed translucent gate.
 42494 | Elf:2    | Noticed a deep elf blademaster
 42517 | Elf:2    | Killed a deep elf blademaster
 42973 | Elf:2    | Reached XP level 19. HP: 90/124 MP: 27/27
 43549 | Elf:3    | Entered Level 3 of the Elven Halls
 44180 | Elf:3    | Found Duzisimm's Jewellery Emporium.
 44201 | Elf:3    | Found Hysmik Lut's Armour Shop.
 44527 | Elf:3    | Noticed a deep elf blademaster
 44528 | Elf:3    | Noticed a deep elf blademaster
 44530 | Elf:3    | Noticed a Tzitzimitl
 44797 | Elf:3    | Reached skill level 10 in Evocations
 44825 | Elf:3    | Identified the +5 double sword of Wennon {antimagic, MR+}
 44835 | Elf:3    | Identified the cursed +0 leather armour of Utiox {rN+ Dex-4
                  | SInv}
 44848 | Elf:3    | Noticed an Ice Fiend
 44975 | Elf:3    | Killed a deep elf blademaster
 44984 | Elf:3    | Shot with an arrow by a deep elf master archer

Levels and vault maps discovered:
D:1:      minmay_arrival_four_loops, layout_basic, minmay_gold_behind_fungi
D:2:      minmay_razor_zed, layout_loops_corners, first_ration,
          trog_hazing_becter
D:3:      layout_loops_cross, uniq_natasha
D:4:      layout_loops_ring, tgw_xom, uniq_ijyb
D:5:      layout_gridville, nemelex_xobeh_ov_fountains_minmay,
          kennysheep_generic_room_12
D:6:      layout_loops_cross
D:7:      layout_loops_corners, minmay_temple_entry_large_hall, dk_vineyard_3,
          kennysheep_opposing_triangles
D:8:      lemuel_ice_spiral_2, layout_basic, basic_altar
D:9:      layout_rooms, david_nohive_1, kennysheep_dice
D:10:     minmay_the_grid_triangle_9x9_recursive_2
          [minmay_the_grid_triangle_9x9_prize_center,
          minmay_the_grid_triangle_9x9_intruding_spiral,
          minmay_the_grid_triangle_9x9_zippers_horizontal,
          minmay_the_grid_triangle_9x9_checkered], layout_rooms,
          dpeg_oklobed_lair, nicolae_water_bricks
D:11:     layout_grid_maze, hiddenorc1_lemuel, uniq_josephine
D:12:     layout_basic, minmay_misc_feat_nine_boxes, roderic_lattice_a,
          led_sif_book
D:13:     layout_basic, serial_shops, shop, grunt_ministairs_9, uniq_sonja,
          uniq_jorgrun, uniq_azrael
D:14:     wander_river, layout_stronghold, skrybe_vaults_entry_preservation
D:15:     gammafunk_depths_entry_grave, layout_basic,
          nicolae_gozag_zags_fifth_avenue
Temple:   roderic_octagonal_lattice_temple
Lair:1:   layout_roguey, basic_altar, nicolae_lair_grove_arrangements,
          infiniplex_staircase_pool, lemuel_fruit_tree, serial_bayou_shore_b
Lair:2:   layout_chaotic_city
Lair:3:   layout_regular_city, gammafunk_ghost_cemetery
Lair:4:   lemuel_slime, layout_concentric_octagons,
          nicolae_swamp_entry_splash_gauntlet, spider_nest_entry_funnel_web,
          portal_ice_cave_entry_imps, forest_entry_grove,
          minmay_lair_oklob_chamber, uniq_urug, uniq_snorg
Lair:5:   layout_regular_city, slime_dummy, beast_lair_carwin_10,
          grunt_megastairs_2
Lair:6:   evilmike_catoblepas_cave, layout_small_grid, serial_rivers,
          chequers_serial_rivers_marsh, chequers_serial_rivers_small_b,
          chequers_serial_rivers_room_b, chequers_serial_rivers_large_b
Orc:1:    giant_chief_lemuel, layout_caves
Orc:2:    st_orc_pillars, layout_diamond_mine, gammafunk_ghost_necromancy,
          serial_shops, shop_statue, nicolae_orc_flooded_monolith
Elf:1:    minmay_elf_arrival_circle, layout_loops_ring, serial_shops,
          nicolae_shop_stone, minmay_elf_demonology
Elf:2:    layout_geoelf_octagon, hangedman_elven_pyramids
Elf:3:    elf_hall, layout_loops_ring, serial_shops, shop, shop,
          nicolae_elf_v_pinch
IceCv:    ice_cave_caverns_02

Skill      XL: |  1  2  3  4  5  6  7  8  9 10 11 12 13 14 15 16 17 18 19 |
---------------+----------------------------------------------------------+-----
Stealth        | 1 2 3 4 5 6 8 10 12 13 | 13.8
Dodging        | 4 5 6 7 9 10 11 12 13 14 15 16 17 | 17.1
Armour         | 1 2 3 4 7 8 9 10 11 12 | 12.9
Fighting       | 3 4 5 6 8 9 10 11 12 13 14 15 | 15.7
Short Blades   | 5 6 7 8 10 11 12 13 14 15 16 17 18 | 18.4
Evocations     | 1 3 5 7 9 10 | 10.0
Spellcasting   | 1 4 5 |  5.3
Hexes          | 4 5 7 |  7.0
Throwing       | |  2.2

Action                   |  1- 3 |  4- 6 |  7- 9 | 10-12 | 13-15 | 16-18 | 19-21 || total
-------------------------+-------+-------+-------+-------+-------+-------+-------++-------
Melee: Rapier            |    79 |    65 |       |       |       |       |       ||   144
       Dagger            |       |   128 |   735 |  1309 |    45 |       |       ||  2217
       Quick blade       |       |       |       |       |  1907 |  2547 |   216 ||  4670
Throw: Throwing net      |       |     4 |     1 |     1 |     5 |       |       ||    11
 Cast: Confusing Touch   |       |       |       |    36 |    89 |    93 |    12 ||   230
Invok: Curse Item        |       |       |     2 |       |       |       |       ||     2
 Abil: Evoke Berserk Rag |       |       |       |       |       |     6 |       ||     6
Evoke: Wand              |       |       |       |     3 |     3 |    37 |     2 ||    45
  Use: Scroll            |       |     6 |     4 |     3 |    16 |     7 |     2 ||    38
       Potion            |       |       |       |     2 |     6 |    15 |     1 ||    24
 Stab: Sleeping          |     4 |     6 |     7 |     9 |    13 |    16 |     6 ||    61
       Distracted        |       |     1 |       |       |     2 |     7 |       ||    10
       Held in net/web   |       |     1 |       |     3 |     5 |       |       ||     9
       Confused          |       |       |       |    33 |   101 |    98 |    10 ||   242
       Paralysed         |       |       |       |     2 |       |       |       ||     2
       Invisible         |       |       |       |       |     1 |       |       ||     1
  Eat: Chunk             |     9 |     6 |    19 |    23 |    36 |    56 |     3 ||   152
Armor: Leather armour    |    12 |    30 |       |       |       |       |       ||    42
       Ring mail         |       |    11 |   121 |   117 |       |       |       ||   249
       Chain mail        |       |       |       |       |   282 |   359 |    28 ||   669
Dodge: Dodged            |    71 |   169 |   415 |   802 |   862 |  1086 |    69 ||  3474

Table legend:
 A = Non-vault XP
 B = Vault XP
 C = Vault XP percentage of total XP
 D = Non-vault monster count
 E = Vault monster count
 F = Vault count percentage of total count
                 A         B        C        D         E       F
            +---------+---------+-------+---------+---------+-------
      Total |  160430 |  127371 |  44.3 |     738 |     399 |  35.1
            +---------+---------+-------+---------+---------+-------
        D:1 |      29 |       0 |   0.0 |      17 |       0 |   0.0
        D:2 |      45 |      50 |  52.6 |      12 |      16 |  57.1
        D:3 |     243 |      37 |  13.2 |      37 |       1 |   2.6
        D:4 |     303 |      99 |  24.6 |       8 |       5 |  38.5
        D:5 |     689 |       1 |   0.1 |      19 |       1 |   5.0
        D:6 |     907 |       0 |   0.0 |      23 |       0 |   0.0
        D:7 |    1035 |      84 |   7.5 |      16 |       3 |  15.8
        D:8 |    1510 |     187 |  11.0 |      27 |       3 |  10.0
        D:9 |    1351 |    1343 |  49.9 |      33 |      15 |  31.2
       D:10 |    1811 |    2629 |  59.2 |      22 |      12 |  35.3
       D:11 |    4289 |    1959 |  31.4 |      17 |      21 |  55.3
       D:12 |    9836 |    2645 |  21.2 |      48 |       3 |   5.9
       D:13 |    9620 |    3654 |  27.5 |      39 |      10 |  20.4
       D:14 |   10045 |    4891 |  32.7 |      35 |       9 |  20.5
       D:15 |   11485 |    4579 |  28.5 |      44 |       8 |  15.4
     Lair:1 |    4396 |       0 |   0.0 |      20 |       0 |   0.0
     Lair:2 |    5702 |       0 |   0.0 |      20 |       0 |   0.0
     Lair:3 |    4984 |    6427 |  56.3 |      16 |       5 |  23.8
     Lair:4 |    5158 |    7681 |  59.8 |      16 |      57 |  78.1
     Lair:5 |   11466 |    1466 |  11.3 |      43 |       8 |  15.7
     Lair:6 |   15579 |    9407 |  37.6 |      47 |      23 |  32.9
      Orc:1 |    7348 |   14526 |  66.4 |      69 |      33 |  32.4
      Orc:2 |    2478 |   12384 |  83.3 |      22 |      72 |  76.6
      Elf:1 |   17689 |    5929 |  25.1 |      31 |      10 |  24.4
      Elf:2 |   25581 |   22911 |  47.2 |      45 |      27 |  37.5
      Elf:3 |    6851 |   12436 |  64.5 |      12 |       9 |  42.9
      IceCv |       0 |   12046 | 100.0 |       0 |      48 | 100.0
            +---------+---------+-------+---------+---------+-------
